 Dungeon Crawl Stone Soup version 0.19.0-2-gae57169 (webtiles) character file.

14679 Querens the Blocker (level 12, -3/75 HPs)
             Began as a Gargoyle Fighter on Nov 2, 2016.
             Was a High Priest of Okawaru.
             Slain by a wolf spider (5 damage)
             ... on level 3 of the Lair of Beasts.
             The game lasted 00:42:48 (9287 turns).

Querens the Blocker (Gargoyle Fighter)              Turns: 9287, Time: 00:42:50

Health: -3/75      AC: 20    Str: 29    XL:     12   Next: 19%
Magic:  0/12       EV:  4    Int: 10    God:    Okawaru [*****.]
Gold:   229        SH:  0    Dex:  9    Spells: 0 memorised, 11 levels left

rFire  . . .     SeeInvis .     x - +2 flail (drain)
rCold  + + .     Gourm    .     y - +2 chain mail {rC+}
rNeg   + + .     Faith    .     c - +0 shield
rPois  ∞         Spirit   .     Z - +0 helmet
rElec  +         Reflect  .     v - +0 cloak
rCorr  .         Harm     .     w - +0 pair of gloves
MR     .....                    (no boots)
Stlth  ..........               k - amulet of rage
                                F - ring of positive energy
                                t - ring of protection from cold

@: mighty, about to teleport, corroded, very slightly contaminated, held,
hasted, very quick
A: negative energy resistance 1, electricity resistance, unbreathing,
petrification resistance, rot immunity, AC +8
a: Heroism, Finesse, Renounce Religion, Evoke Berserk Rage


You were on level 3 of the Lair of Beasts.
You worshipped Okawaru.
Okawaru was extremely pleased with you.
You were full.

You visited 4 branches of the dungeon, and saw 13 of its levels.

You collected 579 gold pieces.
You spent 350 gold pieces at shops.

Inventory:

Hand Weapons
 x - a +2 flail of draining (weapon)
Armour
 c - a +0 shield (worn)
 v - a +0 cloak (worn)
 w - a +0 pair of gloves (worn)
 y - a +2 chain mail of cold resistance (worn)
 R - the +3 hat of Pondering {ponderous, MR+ MP+10 Int+5}
   (You took it off Gastronok on level 2 of the Lair of Beasts)

   It affects your intelligence (+5).
   It affects your resistance to hostile enchantments.
   It affects your magic capacity (+10).
 X - the +2 chain mail "Zufuzem" {rElec rPois}
   (Okawaru gifted it to you on level 3 of the Lair of Beasts)

   It insulates you from electricity.
   It protects you from poison.
 Z - a +0 helmet (worn)
Rods
 G - a -3 rod of clouds (9/9)
   (You found it on level 5 of the Dungeon)
Jewellery
 k - an amulet of rage (around neck)
 t - a ring of protection from cold (left hand)
 z - an uncursed amulet of magic regeneration
 D - an uncursed ring of protection from magic
 F - a ring of positive energy (right hand)
Wands
 C - a wand of polymorph (0/24)
 I - a wand of teleportation (5/9)
 J - a wand of iceblast (9/15)
 U - a wand of disintegration (14/24)
Scrolls
 a - 2 scrolls of recharging
 b - 4 scrolls of teleportation
 g - a scroll of brand weapon
 h - 2 scrolls of fog
 j - 2 scrolls of fear {unknown}
 m - 5 scrolls of remove curse
 p - 2 scrolls of random uselessness {unknown}
 q - 3 scrolls of immolation
 r - 2 scrolls of enchant armour {unknown}
 E - a scroll of amnesia {unknown}
 K - a scroll of noise {unknown}
 L - 2 scrolls of magic mapping
 N - a scroll of enchant weapon {unknown}
 W - a scroll of holy word {unknown}
Potions
 d - a potion of might
 e - 3 potions of haste
 l - 4 potions of degeneration
 n - 2 potions of mutation
 o - a potion of brilliance
 s - a potion of resistance
 H - a potion of cure mutation
 M - a potion of agility
 O - 2 potions of flight {unknown}
 P - 2 potions of magic {unknown}
 Q - a potion of ambrosia {unknown}
Books
 V - a book of Changes

   Spells                             Type                      Level
   a - Beastly Appendage              Transmutation                1
   b - Sticks to Snakes               Transmutation                2
   c - Spider Form                    Transmutation/Poison         3
   d - Ice Form                       Ice/Transmutation            4
   e - Blade Hands                    Transmutation                5
Comestibles
 f - 7 bread rations
 i - 3 fruits
 u - 6 meat rations
 B - 5 slices of pizza
 T - a royal jelly


   Skills:
 + Level 8.5 Fighting
 + Level 12.3 Maces & Flails
 + Level 5.0 Armour
 - Level 1.0 Stealth
 + Level 13.6 Shields
 - Level 1.0 Unarmed Combat
 - Level 0.5 Evocations


You had 11 spell levels left.
You didn't know any spells.

Dungeon Overview and Level Annotations

Branches:
Dungeon (8/15)             Temple (1/1) D:6            Lair (3/6) D:8
 Shoals (0/4) Lair:3       Spider (1/4) Lair:3

Altars:
Ashenzari
Dithmenos
Elyvilon
Fedhas
Gozag
Hepliaklqana
Kikubaaqudgha
Makhleb
Nemelex Xobeh
Okawaru
Qazlal
Sif Muna
Uskayaw
Vehumet
Xom
Yredelemnul
Zin
The Shining One
Lugonu

Shops:
D:8 ?

Annotations:
D:6 exclusion: oklob plant


Innate Abilities, Weirdness & Mutations

You are resistant to torment.
Your stone body is resilient. (AC +8)
You are immune to poison.
You resist negative energy. (rN+)
You are resistant to electric shocks. (rElec)
You can survive without breathing.
You are immune to petrification.
You are immune to rotting.


Message History

Okay, then.
Okay, then.
Evoke which item? (* to show all) (? for menu, Esc to quit)
Okay, then.
You feel very mighty all of a sudden.
The wolf spider hits you but does no damage.
The wolf spider barely misses you.
The demonic crawler hits you but does no damage. x2
The demonic crawler hits you.
* * * LOW HITPOINT WARNING * * *
The wolf spider hits you but does no damage.
The wolf spider bites you!
* * * LOW HITPOINT WARNING * * *
You block the redback's attack. x2
You don't have enough magic at the moment.
You are caught in the web!
The tarantella bites you!
* * * LOW HITPOINT WARNING * * *
The entropy weaver pulls away from the web.
The wolf spider hits you.
You die...

##P.##.##### ####
#.......PPP# ######
##..###.......[PP# .....#
#..##^^...###...P# #.#.##
#.#^^^^..###....## ###.##
####^...#..^.....# #..#
##.#...ss^.....#.# ###.##
#...^..ss^.......## #.#.###
##....#@as...^....#
#.<#..####.....##s^^......##
...#.....#..^...##^#....#.##
.#.##............###.......#
#.#†#.#."........###†^.....#
.#................#.......##
.....>....##....#.#...###..#
..P###.######.....#....##.###
#### ########........#......#


You could see an entropy weaver, a demonic crawler, 2 wolf spiders, a tarantella
and 2 redbacks.

Vanquished Creatures
  Gastronok (Lair:2)
  The ghost of Bekkur the Slicer, a novice DsFE (D:7)
  Pikel (D:5)
  A wolf spider (Lair:3)
  3 black mambas (Lair:2)
  3 spiny frogs
  The ghost of Banto the Slasher, a novice HESk of Okawaru (D:5)
  A demonic crawler (Lair:3)
  A komodo dragon (Lair:1)
  A troll (D:8)
  A polar bear (Lair:2)
  A hornet (D:8)
  A snapping turtle (Lair:3)
  9 blink frogs
  A hippogriff (Lair:3)
  4 redbacks (Lair:3)
  10 yaks
  A wyvern (Lair:3)
  A human (D:6)
  2 basilisks (Lair:1)
  Edmund (D:4)
  8 porcupines
  2 water moccasins (Lair:1)
  A phantom (D:6)
  A sky beast (D:7)
  2 orc warriors
  2 slaves (D:5)
  3 ice beasts
  An ogre (D:5)
  8 crocodiles
  2 centaurs (D:6)
  8 bullfrogs
  A water moccasin skeleton (D:4)
  2 scorpions
  3 wights (D:8)
  A howler monkey (D:5)
  4 crimson imps
  A centaur zombie (D:7)
  2 hounds
  4 jellies (D:6)
  3 orc priests (D:6)
  An orc wizard (D:8)
  3 iguanas
  3 worker ants
  3 gnolls (D:2)
  14 adders
  2 shadow imps
  An adder zombie (D:5)
  16 oozes
  2 adder skeletons
  6 worms
  A dart slug (D:1)
  3 leopard geckos
  16 orcs
  8 bats
  7 giant cockroaches
  2 gnoll zombies (D:5)
  9 hobgoblins
  6 jackals
  9 kobolds
  4 quokkas
  2 ball pythons
  5 frilled lizards
  6 goblins
  2 leopard gecko skeletons
  5 rats
241 creatures vanquished.

Vanquished Creatures (others)
  2 slaves (D:5)
  An orc priest (D:5)
  An orc wizard (D:5)
  6 orcs (D:5)
  A quokka (D:5)
  4 fungi (D:6)
  4 toadstools (D:1)
19 creatures vanquished.

Grand Total: 260 creatures vanquished

Notes
Turn   | Place    | Note
-------+----------+-------------------------------------------
     0 | D:1      | Querens the Gargoyle Fighter began the quest for the Orb.
     0 | D:1      | Reached XP level 1. HP: 14/14 MP: 1/1
   131 | D:1      | Reached XP level 2. HP: 18/19 MP: 2/2
   656 | D:2      | Reached XP level 3. HP: 22/23 MP: 3/3
   703 | D:2      | Reached skill level 4 in Shields
   721 | D:2      | Reached XP level 4. HP: 11/29 MP: 4/4
   834 | D:2      | Found a faded altar of an unknown god.
   911 | D:2      | Found an ancient bone altar of Kikubaaqudgha.
  1345 | D:3      | Reached XP level 5. HP: 33/33 MP: 5/5
  1648 | D:3      | Reached skill level 5 in Shields
  2433 | D:4      | Reached XP level 6. HP: 27/38 MP: 6/6
  2583 | D:4      | Noticed Edmund
  2614 | D:4      | Killed Edmund
  2614 | D:4      | Reached skill level 6 in Shields
  2681 | D:4      | Found a stormy altar of Qazlal.
  2681 | D:4      | Noticed a fire elemental
  2685 | D:4      | Noticed a water elemental
  2685 | D:4      | Noticed an air elemental
  3136 | D:5      | Entered Level 5 of the Dungeon
  3154 | D:5      | Noticed a slave
  3155 | D:5      | Noticed a slave
  3164 | D:5      | Killed a slave
  3173 | D:5      | Killed a slave
  3217 | D:5      | Noticed Pikel
  3218 | D:5      | Noticed a slave
  3221 | D:5      | Noticed a slave
  3225 | D:5      | Killed Pikel
  3225 | D:5      | Reached skill level 7 in Shields
  3225 | D:5      | Reached XP level 7. HP: 29/44 MP: 7/7
  3225 | D:5      | Reached XP level 8. HP: 32/48 MP: 8/8
  3273 | D:5      | Noticed Banto's ghost (novice HESk)
  3305 | D:5      | Killed Banto's ghost
  3358 | D:5      | Reached skill level 5 in Fighting
  3358 | D:5      | Reached skill level 1 in Unarmed Combat
  3477 | D:5      | Found a shimmering altar of Xom.
  3598 | D:5      | Reached skill level 1 in Stealth
  3816 | D:5      | Found a white marble altar of Elyvilon.
  3857 | D:5      | Found an opulent altar of Gozag.
  3857 | D:5      | Found a sparkling altar of Nemelex Xobeh.
  3907 | D:5      | Found a basalt altar of Yredelemnul.
  4101 | D:6      | Noticed an oklob plant
  4126 | D:6      | Reached skill level 8 in Shields
  4133 | D:6      | Reached XP level 9. HP: 40/54 MP: 9/9
  4189 | D:6      | Found a staircase to the Ecumenical Temple.
  4195 | Temple   | Entered the Ecumenical Temple
  4595 | D:6      | Found a glowing golden altar of the Shining One.
  4601 | D:6      | Found a hide-covered altar of Uskayaw.
  4630 | D:6      | Found a shadowy altar of Dithmenos.
  4793 | D:6      | Found an iron altar of Okawaru.
  4801 | D:6      | Became a worshipper of Warmaster Okawaru
  4921 | D:7      | Noticed Bekkur's ghost (novice DsFE)
  4921 | D:7      | Reached skill level 9 in Shields
  4972 | D:7      | Killed Bekkur's ghost
  5065 | D:7      | Reached * piety under Okawaru
  5303 | D:7      | Reached skill level 10 in Shields
  5309 | D:7      | Reached XP level 10. HP: 59/60 MP: 10/10
  5977 | D:8      | Found a blossoming altar of Fedhas.
  6061 | D:8      | Found a staircase to the Lair.
  6118 | D:8      | Found Geong's Magic Scroll Shop.
  6121 | D:8      | Bought a scroll of identify for 26 gold pieces
  6121 | D:8      | Bought a scroll of teleportation for 39 gold pieces
  6121 | D:8      | Bought a scroll of fog for 26 gold pieces
  6121 | D:8      | Bought a scroll of identify for 26 gold pieces
  6121 | D:8      | Bought a scroll of identify for 26 gold pieces
  6121 | D:8      | Bought a scroll of remove curse for 39 gold pieces
  6121 | D:8      | Bought a scroll of recharging for 123 gold pieces
  6121 | D:8      | Bought a scroll of magic mapping for 45 gold pieces
  6224 | D:8      | Reached ** piety under Okawaru
  6224 | D:8      | Reached skill level 10 in Maces & Flails
  6257 | D:8      | Found a stormy altar of Qazlal.
  6514 | Lair:1   | Entered Level 1 of the Lair of Beasts
  6619 | Lair:1   | Reached skill level 11 in Shields
  7183 | Lair:2   | Noticed a spiny frog
  7368 | Lair:2   | Killed a spiny frog
  7368 | Lair:2   | Reached *** piety under Okawaru
  7389 | Lair:2   | Reached skill level 12 in Shields
  7389 | Lair:2   | Reached XP level 11. HP: 61/66 MP: 11/11
  7683 | Lair:2   | Reached **** piety under Okawaru
  7722 | Lair:2   | Noticed Gastronok
  7823 | Lair:2   | Killed Gastronok
  8027 | Lair:2   | Reached skill level 13 in Shields
  8054 | Lair:2   | Reached ***** piety under Okawaru
  8211 | Lair:3   | Found a hole to the Spider Nest.
  8542 | Lair:3   | Received a gift from Okawaru
  8545 | Lair:3   | Got a steaming chain mail {god gift}
  8556 | Lair:3   | Identified the +2 chain mail "Zufuzem" {rElec rPois} (Okawaru gifted it to you on level 3 of the Lair of Beasts)
  8714 | Lair:3   | Reached XP level 12. HP: 59/74 MP: 12/12
  8887 | Lair:3   | Found a staircase to the Shoals.
  8973 | Spider:1 | Entered Level 1 of the Spider Nest
  8976 | Spider:1 | Noticed an entropy weaver
  9022 | Lair:3   | Reached skill level 5 in Armour
  9287 | Lair:3   | HP: 2/75 [tarantella (9)]
  9287 | Lair:3   | Slain by a wolf spider

Skill      XL: |  1  2  3  4  5  6  7  8  9 10 11 12 |
---------------+-------------------------------------+-----
Shields        | 4 5 7 8 10 12 13 | 13.6
Maces & Flails | 3 6 7 9 10 12 | 12.3
Fighting       | 4 5 6 8 |  8.5
Unarmed Combat | 1 |  1.0
Stealth        | 1 |  1.0
Armour         | 4 5 |  5.0
Evocations     | |  0.5

Action                   |  1- 3 |  4- 6 |  7- 9 | 10-12 || total
-------------------------+-------+-------+-------+-------++-------
Melee: Flail             |   101 |   328 |   353 |   502 ||  1284
       Unarmed           |       |     4 |       |       ||     4
Evoke: Wand              |       |       |     4 |       ||     4
  Use: Potion            |       |       |     4 |     5 ||     9
       Scroll            |       |       |       |    12 ||    12
 Stab: Confused          |       |     1 |       |       ||     1
  Eat: Chunk             |       |     8 |     8 |    12 ||    28
       Fruit             |       |       |       |     8 ||     8
Armor: Scale mail        |    52 |    68 |       |       ||   120
       Chain mail        |       |    90 |   143 |   230 ||   463
Dodge: Dodged            |    41 |    86 |    45 |   117 ||   289
Block: Shield            |    51 |   159 |   142 |   304 ||   656
